 Dungeon Crawl Stone Soup version 0.17-a0-2093-gc772f4b (webtiles) character file.

188721 brucemayne the Executioner (level 17, -2/152 HPs)
             Began as a Hill Orc Berserker on Oct 16, 2015.
             Was the Champion of Trog.
             Slain by an azure jelly (8 damage)
             ... created by the royal jelly
             ... on level 6 of the Pits of Slime.
             The game lasted 01:27:29 (11777 turns).

brucemayne the Executioner (Hill Orc Berserker)    Turns: 11777, Time: 01:27:29

Health: -2/152     AC:  2    Str: 31    XL:     17   Next: 77%
Magic:  17/17      EV: 26    Int: 14    God:    Trog [******]
Gold:   1017       SH:  0    Dex: 27    Spells: 0 memorised, 16 levels left

rFire  + . .     SeeInvis +     d - +3 executioner's axe of Triumph {chop, rN+}
rCold  + . .     Clarity  .     I - +2 ice dragon armour
rNeg   + . .     SustAt   .     (no shield)
rPois  +         Gourm    .     S - +0 helmet of Eqellono {rF++ rC- Str+4 Slay+3}
rElec  .         Spirit   .     M - +1 cloak {rPois}
rCorr  .         Warding  .     L - +2 pair of fencer's gloves {LBl+4 SBl+4 EV+3 Dex+6}
rMut   .         Stasis   .     n - +0 pair of boots
MR     ++...                    j - amulet of regeneration
Stlth  +.........               r - ring of invisibility
                                G - ring of Miracles {MR+ Str+2 Int+4 Dex+4 SInv}

@: mighty, agile, corroded equipment, very resistant to hostile enchantments,
very unstealthy
A: blink, weak 1
a: Blink, Burn Spellbooks, Berserk, Trog's Hand, Brothers in Arms, Renounce
Religion, Evoke Invisibility
}: 2/15 runes: decaying, gossamer


You were on level 6 of the Pits of Slime.
You worshipped Trog.
Trog was exalted by your worship.
You were not hungry.

You visited 6 branches of the dungeon, and saw 39 of its levels.
You also visited: Labyrinth, Bailey and Ice Cave.

You collected 2002 gold pieces.
You spent 985 gold pieces at shops.

Inventory:

Hand Weapons
 b - a +7 war axe of chopping
 d - the +3 executioner's axe of Triumph (weapon) {chop, rN+}
   (Trog gifted it to you on level 4 of the Swamp)

   It inflicts extra damage upon your enemies.
   It protects you from negative energy.
 J - a +4 battleaxe of electrocution
Missiles
 R - 2 throwing nets (quivered)
Armour
 n - a +0 pair of boots (worn)
 I - a +2 ice dragon armour (worn)
 L - the +2 pair of fencer's gloves (worn) {LBl+4 SBl+4 EV+3 Dex+6}
   (You found it in a labyrinth)

   It affects your evasion (+3).
   It affects your dexterity (+6).
 M - a +1 cloak of poison resistance (worn)
 S - the +0 helmet of Eqellono (worn) {rF++ rC- Str+4 Slay+3}
   (You bought it in a shop on level 3 of the Orcish Mines)

   It affects your strength (+4).
   It affects your accuracy and damage with ranged weapons and melee attacks
   (+3).
   It greatly protects you from fire.
   It makes you vulnerable to cold.
Jewellery
 j - an amulet of regeneration (around neck)
 r - a ring of invisibility (right hand)
 G - the ring of Miracles (left hand) {MR+ Str+2 Int+4 Dex+4 SInv}
   (You took it off a minotaur in a labyrinth)

   [ring of strength]

   It affects your strength (+2).
   It affects your intelligence (+4).
   It affects your dexterity (+4).
   It affects your resistance to hostile enchantments.
   It lets you see invisible.
Wands
 f - a wand of fireball (8)
 o - a wand of digging (16)
 F - a wand of lightning (11)
 Y - a wand of disintegration (15)
Scrolls
 a - a scroll of immolation {unknown}
 e - 18 scrolls of remove curse
 k - 2 scrolls of recharging
 p - 4 scrolls of enchant weapon
 T - 8 scrolls of teleportation
 U - a scroll of enchant armour
 W - 5 scrolls of fear
 X - a scroll of magic mapping
Potions
 l - 2 potions of agility
 q - 4 potions of curing
 t - 3 potions of flight
 w - 2 potions of brilliance
 B - a potion of might
 C - 2 potions of lignification
 P - 2 potions of heal wounds
 Z - a potion of invisibility
Miscellaneous
 E - a box of beasts
Comestibles
 c - 5 bread rations
 Q - 3 meat rations


   Skills:
 - Level 14.0 Fighting
 + Level 25.6 Axes
 - Level 14.7 Armour
 - Level 11.6 Dodging


You had 16 spell levels left.
You didn't know any spells.

Dungeon Overview and Level Annotations

Branches:
Dungeon (13/15)              Lair (8/8) D:10          Swamp (4/4) Lair:3
 Spider (4/4) Lair:3        Slime (6/6) Lair:6          Orc (4/4) D:12
 Temple: D:4-7          Elf: Orc:3-4     Vaults: D:13-14

Altars:
Ashenzari
Sif Muna
Trog
Vehumet
Yredelemnul
Beogh
Jiyva

Shops:
D:10 [   Orc:1 }   Orc:3 *   Orc:4 *}?}[

Annotations:
D:8 exclusion: statue
D:13 Josephine
Slime:6 Royal Jelly


Innate Abilities, Weirdness & Mutations

You can translocate small distances at will.
You are weak. (Str -2)


Message History

Your troll bites the acid blob.
Your troll is burned by acid!
Your troll claws the acid blob.
Your troll is burned by acid!
Your troll claws the acid blob!
The acid blob dies!
The azure jelly closely misses you. The azure jelly hits you.
The azure jelly freezes you!! You resist.
* * * LOW HITPOINT WARNING * * *
The azure jelly completely misses you. The azure jelly hits you!
* * * LOW HITPOINT WARNING * * *
The death ooze hits your troll!
Your troll dies!
Your troll's corpse disappears in a puff of smoke!
The acid blob misses you. The acid blob hits you.
* * * LOW HITPOINT WARNING * * *
You are splashed with acid!
The acid corrodes you!
The acid burns!
* * * LOW HITPOINT WARNING * * *
The azure jelly misses you. The azure jelly hits you!
You die...

............##
..............### ####
................###.....
........................
........................
........JJ..............
.......ยง.J..............
#....JJJJ.............
#.#.J@JJ..............
##..J...............
#...................
#..................
###...............
#..............
##........... ##..#.....#


You could see the royal jelly, 3 acid blobs, 5 azure jellies and 2 death oozes.

Vanquished Creatures
  Nikola (Spider:1)
  Rupert (Lair:3)
  7 acid blobs
  2 thorn hunters (Swamp:4)
  2 ghost moths (Spider:4)
  An azure jelly (Slime:2)
  5 emperor scorpions
  2 blizzard demons (IceCv)
  A minotaur (Lab)
  6 great orbs of eyes
  A ghost crab (Swamp:4)
  An entropy weaver (Spider:1)
  10 hydras
  4 alligators
  A centaur warrior (D:13)
  7 death yaks (Lair:5)
  2 orc high priests (Orc:4)
  3 spriggans (Swamp:2)
  2 ice devils (IceCv)
  3 ice statues (IceCv)
  5 swamp dragons
  4 orc knights
  6 hornets
  A hill giant (D:12)
  7 orb spiders
  12 wolf spiders
  6 shining eyes
  A griffon (Lair:8)
  A manticore (Lair:8)
  3 orc sorcerers (Orc:4)
  A necromancer (Swamp:1)
  3 moths of wrath
  Maurice (D:12)
  2 black mambas
  An eye of devastation (Slime:1)
  32 elephants
  3 torpor snails
  A gargoyle (D:13)
  9 spiny frogs
  A swamp worm zombie (Swamp:2)
  4 fire drakes
  5 demonic crawlers
  5 hydra zombies (Swamp:1)
  10 komodo dragons
  2 two-headed ogres
  5 jumping spiders
  3 polar bears
  The ghost of Duffy the Chopper, an amateur CeGl (D:5)
  A merfolk (D:11)
  3 giant leeches
  A minotaur skeleton (Lab)
  2 blue devils (IceCv)
  3 bog bodies (Swamp:2)
  An alligator zombie (Swamp:2)
  17 blink frogs
  96 slime creatures
  10 redbacks
  A wraith (D:12)
  4 hungry ghosts
  11 hippogriffs
  6 tarantellas
  A wyvern (D:11)
  A shadow (Swamp:3)
  35 yaks
  6 wolves (Lair:1)
  A basilisk (Lair:8)
  3 vampire mosquitoes (Swamp:2)
  A giant leech zombie (Swamp:1)
  4 trapdoor spiders
  A mottled dragon (D:11)
  3 wargs
  5 water moccasins
  8 swamp worms
  7 porcupines
  8 ice beasts (Spider:4)
  19 spiders
  7 swamp drakes
  20 orc warriors
  6 wasps
  2 black bears
  4 ogres
  2 eyes of draining
  9 centaurs
  12 giant frogs
  10 crocodiles
  A scorpion (Lair:3)
  A spriggan zombie (Swamp:2)
  2 troll zombies (Swamp:2)
  9 killer bees
  3 wights (D:12)
  3 crimson imps
  2 centaur zombies
  An electric eel (Lair:7)
  18 jellies
  5 giant frog skeletons
  2 hounds
  3 iguanas
  13 orc priests
  25 orc wizards
  4 worker ants
  11 sheep
  2 hound skeletons
  88 river rats
  3 adders
  2 shadow imps
  A worm (D:5)
  A giant gecko (D:2)
  109 orcs
  A giant cockroach (D:3)
  6 goblins
  6 kobolds
  A quokka (D:11)
  A giant newt (D:7)
  2 jackals (D:5)
  15 fungi
  4 plants
873 creatures vanquished.

Vanquished Creatures (collateral kills)
  An acid blob (Slime:6)
  A catoblepas (Lair:8)
  9 hydras
  2 death yaks (Lair:8)
  An orc high priest (Orc:4)
  2 swamp dragons (Swamp:4)
  A shambling mangrove (Swamp:4)
  2 orc knights (Orc:4)
  A shining eye (Slime:5)
  A slime creature (Swamp:4)
  An elephant (Lair:8)
  A black mamba (Lair:8)
  A manticore (Lair:8)
  A giant leech (Swamp:4)
  4 swamp drakes (Swamp:4)
  4 orc warriors (Orc:4)
  A jelly (Slime:6)
  2 orc priests (Orc:4)
36 creatures vanquished.

Vanquished Creatures (others)
  A ghost moth (Spider:4)
  A redback (Spider:4)
  A kobold (D:10)
  2 briar patches (Swamp:4)
  A fungus (Lair:8)
6 creatures vanquished.

Grand Total: 915 creatures vanquished

Notes
Turn   | Place    | Note
--------------------------------------------------------------
     0 | D:1      | brucemayne the Hill Orc Berserker began the quest for the Orb.
     0 | D:1      | Reached XP level 1. HP: 19/19 MP: 1/1
   126 | D:3      | Reached XP level 2. HP: 16/26 MP: 2/2
   245 | D:4      | Found a deep blue altar of Sif Muna.
   356 | D:4      | Reached skill level 5 in Axes
   356 | D:4      | Reached XP level 3. HP: 17/31 MP: 3/3
   409 | D:5      | Entered Level 5 of the Dungeon
   426 | D:5      | Reached skill level 6 in Axes
   439 | D:5      | Noticed a centaur
   459 | D:5      | Killed a centaur
   459 | D:5      | Reached skill level 7 in Axes
   459 | D:5      | Reached XP level 4. HP: 17/39 MP: 4/4
   459 | D:5      | Reached XP level 5. HP: 19/45 MP: 5/5
   541 | D:6      | Found a basalt altar of Yredelemnul.
   551 | D:6      | Noticed a black bear
   562 | D:6      | Killed a black bear
   562 | D:6      | Reached skill level 8 in Axes
   562 | D:6      | Reached XP level 6. HP: 45/51 MP: 6/6
   572 | D:6      | Noticed a centaur
   635 | D:5      | Reached skill level 9 in Axes
   707 | D:5      | Found a shattered altar of Ashenzari.
   718 | D:5      | Noticed Duffy's ghost (amateur CeGl)
   740 | D:5      | Killed Duffy's ghost
   740 | D:5      | Reached skill level 10 in Axes
   740 | D:5      | Reached XP level 7. HP: 49/57 MP: 7/7
   827 | D:6      | Killed a centaur
   860 | D:8      | Found a radiant altar of Vehumet.
   879 | D:8      | Noticed a hungry ghost
   912 | D:7      | Reached skill level 11 in Axes
   956 | D:7      | Reached XP level 8. HP: 58/66 MP: 8/8
  1002 | D:7      | Reached ** piety under Trog
  1100 | D:7      | Reached skill level 5 in Fighting
  1157 | D:8      | Noticed a hippogriff
  1158 | D:8      | Noticed a hippogriff
  1168 | D:8      | Killed a hippogriff
  1168 | D:8      | Reached skill level 12 in Axes
  1173 | D:8      | Killed a hippogriff
  1257 | D:8      | Found a flagged portal.
  1311 | D:8      | Killed a hungry ghost
  1311 | D:8      | Reached skill level 13 in Axes
  1319 | Bailey   | Entered a bailey
  1331 | Bailey   | Reached XP level 9. HP: 67/74 MP: 9/9
  1472 | Bailey   | Noticed an orc knight
  1481 | Bailey   | Reached skill level 14 in Axes
  1491 | Bailey   | Killed an orc knight
  1500 | Bailey   | Got a bloodstained long sword
  1656 | D:8      | Found a bloodstained altar of Trog.
  1736 | D:10     | Entered Level 10 of the Dungeon
  1983 | D:10     | Found Dusieg Viuc's Antique Armour Shoppe.
  2024 | D:10     | Noticed an elephant
  2025 | D:10     | Found a staircase to the Lair.
  2049 | D:10     | Killed an elephant
  2049 | D:10     | Reached skill level 15 in Axes
  2050 | D:10     | Reached XP level 10. HP: 88/88 MP: 10/10
  2411 | D:11     | Reached *** piety under Trog
  2431 | D:12     | Found a labyrinth entrance.
  2447 | Lab      | Entered a labyrinth
  2662 | Lab      | Reached skill level 16 in Axes
  2662 | Lab      | Reached skill level 5 in Armour
  2762 | Lab      | Noticed a minotaur
  2777 | Lab      | Killed a minotaur
  2779 | Lab      | Got a heavily runed bronze ring
  2787 | Lab      | Identified the ring of Miracles {MR+ Str+2 Int+4 Dex+4 SInv} (You took it off a minotaur in a labyrinth)
  2843 | D:13     | Noticed Josephine
  2882 | D:12     | Noticed Maurice
  2898 | D:12     | Killed Maurice
  2898 | D:12     | Reached skill level 10 in Fighting
  2918 | D:13     | Noticed a centaur warrior
  2921 | D:13     | Reached XP level 11. HP: 99/99 MP: 11/11
  2923 | D:13     | Killed a centaur warrior
  3287 | D:11     | Found a deep blue altar of Sif Muna.
  3301 | D:11     | Reached **** piety under Trog
  3354 | D:11     | Reached skill level 17 in Axes
  3554 | D:12     | Found a staircase to the Orcish Mines.
  3555 | D:12     | Noticed a hill giant
  3566 | D:12     | Killed a hill giant
  3578 | Orc:1    | Entered Level 1 of the Orcish Mines
  3578 | Orc:1    | Found Ifrefiro's Gadget Shop.
  3640 | Orc:1    | Found a bloodstained altar of Trog.
  3683 | Orc:1    | Reached ***** piety under Trog
  3795 | Orc:2    | Reached skill level 10 in Armour
  3905 | Orc:4    | Entered Level 4 of the Orcish Mines
  4003 | Orc:3    | Reached skill level 18 in Axes
  4004 | Orc:3    | Reached XP level 12. HP: 106/106 MP: 12/12
  4012 | Orc:3    | Found Mamytad's Assorted Antiques.
  4031 | Orc:3    | Bought a blackened helmet for 313 gold pieces
  4059 | Orc:3    | Identified the cursed +0 helmet of Eqellono {rF++ rC- Str+4 Slay+3} (You bought it in a shop on level 3 of the Orcish Mines)
  4073 | Orc:3    | Noticed an orc knight
  4085 | Orc:3    | Killed an orc knight
  4249 | Orc:2    | Found a roughly hewn altar of Beogh.
  4602 | Orc:4    | Received a gift from Trog
  4620 | Orc:4    | Noticed an orc knight
  4635 | Orc:4    | Killed an orc knight
  4690 | Orc:4    | Noticed an orc high priest
  4702 | Orc:4    | Reached skill level 19 in Axes
  4707 | Orc:4    | Killed an orc high priest
  4710 | Orc:4    | Noticed an orc knight
  4714 | Orc:4    | Killed an orc knight
  4715 | Orc:4    | Noticed an orc high priest
  4716 | Orc:4    | Noticed an orc knight
  4717 | Orc:4    | Noticed an orc high priest
  4717 | Orc:4    | Killed an orc knight
  4719 | Orc:4    | Found Veaph's Assorted Antiques.
  4719 | Orc:4    | Found Hizxiva's Gadget Shoppe.
  4722 | Orc:4    | Killed an orc knight
  4725 | Orc:4    | Killed an orc high priest
  4728 | Orc:4    | Killed an orc high priest
  4730 | Orc:4    | Found Hisheicera's Magic Scroll Shoppe.
  4730 | Orc:4    | Found Buin's Gadget Shop.
  4741 | Orc:4    | Bought a runed battleaxe for 123 gold pieces
  4741 | Orc:4    | Bought a scroll of enchant weapon for 142 gold pieces
  4741 | Orc:4    | Bought a cyan potion for 17 gold pieces
  4744 | Orc:4    | Bought a scroll of identify for 24 gold pieces
  4744 | Orc:4    | Bought a scroll of teleportation for 36 gold pieces
  4744 | Orc:4    | Bought a scroll of enchant armour for 90 gold pieces
  4744 | Orc:4    | Bought a scroll of fog for 24 gold pieces
  4744 | Orc:4    | Bought a scroll of fear for 42 gold pieces
  4744 | Orc:4    | Bought a scroll of identify for 24 gold pieces
  4744 | Orc:4    | Bought a scroll of teleportation for 36 gold pieces
  4744 | Orc:4    | Bought a scroll of magic mapping for 42 gold pieces
  4744 | Orc:4    | Bought a scroll of remove curse for 36 gold pieces
  4744 | Orc:4    | Bought a scroll of remove curse for 36 gold pieces
  4789 | Orc:4    | Reached skill level 20 in Axes
  4854 | Orc:4    | Found Gicsufia's Armour Emporium.
  5310 | Lair:1   | Entered Level 1 of the Lair of Beasts
  5322 | Lair:1   | Identified the +11 long sword of Xoimusme {slice, rElec} (You found it in a bailey)
  5437 | Lair:1   | Got a bloodstained whip
  5720 | Lair:3   | Noticed an eight-headed hydra
  5721 | Lair:3   | Noticed an eight-headed hydra
  5742 | Lair:2   | Killed an 11-headed hydra
  5742 | Lair:2   | Reached XP level 13. HP: 113/113 MP: 13/13
  5817 | Lair:4   | Reached ****** piety under Trog
  5838 | Lair:4   | Received a gift from Trog
  5886 | Lair:6   | Found a staircase to the Slime Pits.
  5887 | Lair:6   | Found a viscous altar of Jiyva.
  5949 | Lair:7   | Reached skill level 5 in Dodging
  5988 | Lair:8   | Entered Level 8 of the Lair of Beasts
  6029 | Lair:8   | Received a gift from Trog
  6325 | Lair:8   | Reached XP level 14. HP: 121/121 MP: 14/14
  6578 | Lair:7   | Received a gift from Trog
  6962 | Lair:3   | Found a hole to the Spider Nest.
  6993 | Lair:3   | Identified the +5 whip "Wis Boxi" {slash, MR- Str+4 Int+5} (You found it on level 1 of the Lair of Beasts)
  7001 | Lair:3   | Killed a 12-headed hydra
  7032 | Spider:1 | Entered Level 1 of the Spider Nest
  7032 | Spider:1 | Noticed Nikola
  7173 | Spider:1 | Killed Nikola
  7224 | Lair:3   | Identified a +0 rod of inaccuracy (12/12) (You found it on level 1 of the Lair of Beasts)
  7308 | Spider:2 | Noticed an emperor scorpion
  7324 | Spider:2 | Received a gift from Trog
  7325 | Spider:2 | Killed an emperor scorpion
  7451 | Spider:4 | Entered Level 4 of the Spider Nest
  7592 | Spider:4 | Found a frozen archway.
  7603 | Spider:4 | Reached skill level 21 in Axes
  7644 | Spider:4 | Reached XP level 15. HP: 120/126 MP: 15/15
  7659 | IceCv    | Entered an ice cave
  7880 | Spider:4 | Noticed an emperor scorpion
  7880 | Spider:4 | Noticed a ghost moth
  7905 | Spider:4 | Killed an emperor scorpion
  7905 | Spider:4 | Reached skill level 22 in Axes
  7928 | Spider:4 | Killed a ghost moth
  8013 | Spider:4 | Noticed an emperor scorpion
  8039 | Spider:4 | Killed an emperor scorpion
  8048 | Spider:4 | Noticed an emperor scorpion
  8066 | Spider:4 | Killed an emperor scorpion
  8087 | Spider:4 | Noticed a ghost moth
  8096 | Spider:4 | Killed a ghost moth
  8123 | Spider:4 | Received a gift from Trog
  8137 | Spider:4 | Noticed a ghost moth
  8149 | Spider:4 | Killed a ghost moth
  8149 | Spider:4 | Reached skill level 23 in Axes
  8179 | Spider:4 | Noticed an emperor scorpion
  8190 | Spider:4 | Got a gossamer rune of Zot
  8208 | Spider:4 | Killed an emperor scorpion
  8328 | Lair:3   | Noticed Rupert
  8339 | Lair:3   | Killed Rupert
  8375 | Lair:3   | Identified a scroll of acquirement
  8590 | Lair:5   | Reached XP level 16. HP: 137/137 MP: 16/16
  8815 | Lair:5   | Received a gift from Trog
  8904 | Lair:4   | Reached skill level 10 in Dodging
  9032 | Lair:3   | Found a staircase to the Swamp.
  9068 | Swamp:1  | Entered Level 1 of the Swamp
  9513 | Swamp:4  | Entered Level 4 of the Swamp
  9546 | Swamp:4  | Noticed a thorn hunter
  9575 | Swamp:4  | Killed a thorn hunter
  9652 | Swamp:4  | Received a gift from Trog
  9684 | Swamp:4  | Noticed a thorn hunter
  9687 | Swamp:4  | Killed a thorn hunter
  9697 | Swamp:4  | Got a pitted executioner's axe {god gift}
  9701 | Swamp:4  | Identified the +3 executioner's axe of Triumph {chop, rN+} (Trog gifted it to you on level 4 of the Swamp)
  9839 | Swamp:4  | Got a decaying rune of Zot
 10384 | Slime:1  | Entered Level 1 of the Pits of Slime
 10410 | Slime:1  | Reached XP level 17. HP: 152/152 MP: 17/17
 10524 | Slime:2  | Gained mutation: Your magical capacity is low (-10% MP). [a shining eye]
 10620 | Slime:2  | Reached skill level 24 in Axes
 10764 | Slime:4  | Gained mutation: You are frail (-10% HP). [a shining eye]
 10788 | Slime:3  | Received a gift from Trog
 10874 | Slime:4  | Lost mutation: Your magical capacity is low (-10% MP). [potion of cure mutation]
 10874 | Slime:4  | Lost mutation: You are frail (-10% HP). [potion of cure mutation]
 11063 | Slime:6  | Entered Level 6 of the Pits of Slime
 11066 | Slime:6  | Gained mutation: You can translocate small distances at will. [a shining eye]
 11072 | Slime:6  | NOICE
 11150 | Slime:6  | Gained mutation: You are weak. (Str -2) [a shining eye]
 11241 | Slime:5  | Reached skill level 25 in Axes
 11470 | Slime:6  | Received a gift from Trog
 11765 | Slime:6  | Noticed the royal jelly
 11767 | Slime:6  | FUCK.
 11777 | Slime:6  | HP: 6/152 [acid[the royal jelly] (10)]
 11777 | Slime:6  | Slain by an azure jelly

Vault maps used:
D:1:      minmay_arrival_glassed_features
D:2:      lemuel_round_altar, amethyst_overflow_temple_binary,
          nicolae_overflow_crystal_walls, first_bread
D:3:      cheibriados_altar_1, minmay_misc_feat_ornament
D:4:      overflow_temple_1_default, uniq_duvessa
D:5:      kennysheep_little_box
D:6:      yredelemnul_altar_generic, okawaru_metal_pillars_1_2,
          minmay_temple_entry_butterflies, gup_sewer_entry_glass
D:8:      makhleb_heckhound_becter, lightli_temple_of_fire, vehumet_statue,
          enter_bailey_3
D:10:     david_lair_generic, serial_shops, nicolae_shop_overgrown_old_shop
D:11:     basic_altar, hangedman_fish_farm
D:12:     orc_0_dummy, lab_entry_generic, uniq_fannar, uniq_maurice
D:13:     david_vaults_4, uniq_josephine
Lair:1:   beast_lair_carwin_large_2
Lair:3:   swamp_mist_pool, spider_nest_entry_a, uniq_rupert
Lair:5:   grunt_forest_small_clearings, infiniplex_staircase_pool_2
Lair:6:   slime_altar_1, small_statue_intersection
Lair:7:   hangedman_lair_generics_rect, grunt_megastairs_3,
          infiniplex_staircase_pool, uniq_maud
Lair:8:   hangedman_lair_in_review
Swamp:1:  evilmike_swamp_ruin_rubble_1, swamp_pool1,
          nicolae_swamp_necromancer_hut, uniq_aizul
Swamp:2:  cheibrodos_swamp_mausoleum, evilmike_swamp_ruin_house_6, swamp_pool4,
          uniq_jorgrun
Swamp:3:  nicolae_swamp_trees_clearing, swamp_pool1, uniq_roxanne
Swamp:4:  swamp, swamp_pool4, nicolae_swamp_very_dense_foliage
Spider:1: uniq_nikola
Spider:2: spiders_nest_spider_trap
Spider:3: nicolae_orb_island, hangedman_spider_tarantella_strand
Spider:4: grunt_spider_rune_island, portal_ice_cave_entry_ice_beasts
Orc:1:    serial_shops, shop, bloody_trog
Orc:2:    basic_altar
Orc:3:    serial_shops, nicolae_shop_overgrown_old_shop,
          nicolae_orc_pool_cavern, abandoned_shop
Orc:4:    grunt_orc_tribal_feast, serial_shops, shop
Lab:      labyrinth_watery, labyrinth_skeletal_remains,
          nicolae_lab_checkerboard, nicolae_lab_grate
Bailey:   bailey_polearm_2, bailey
IceCv:    ice_cave_tombish

Action                   |  1- 3 |  4- 6 |  7- 9 | 10-12 | 13-15 | 16-18 || total
-------------------------+-------+-------+-------+-------+-------+-------++-------
Melee: Hand axe          |    58 |    63 |   257 |       |       |       ||   378
       War axe           |       |       |    20 |   460 |       |       ||   480
       Battleaxe         |       |       |       |    87 |   706 |   354 ||  1147
       Executioner's axe |       |       |       |       |       |   193 ||   193
Invok: Berserk           |     1 |     3 |     8 |     6 |     2 |     4 ||    24
       Trog's Hand       |       |       |     4 |     5 |     1 |     3 ||    13
       Brothers in Arms  |       |       |       |     2 |     1 |     6 ||     9
Evoke: Wand              |       |       |    17 |       |     3 |     2 ||    22
  Use: Scroll            |       |       |     6 |     9 |    11 |    11 ||    37
       Potion            |       |       |     1 |     2 |       |     8 ||    11
 Stab: Invisible         |       |       |     7 |     3 |       |       ||    10
       Held in net/web   |       |       |       |       |     1 |       ||     1
  Eat: Chunk             |       |     3 |    17 |    16 |     9 |     3 ||    48
       Meat ration       |       |       |     2 |     2 |       |     4 ||     8
       Fruit             |       |       |     1 |     3 |     9 |     2 ||    15
       Bread ration      |       |       |       |     1 |       |       ||     1
       Pizza             |       |       |       |     1 |       |       ||     1
       Beef jerky        |       |       |       |       |       |     1 ||     1
